[Event "Titled Tuesday Blitz January 17 Early 2023"]
[White "Winkels, Marcel"]
[Black "Estrada Nieto, Julian"]
[WhiteFideId "1003887"]
[BlackFideId "5101018"]
[WhiteElo "1960"]
[BlackElo "2215"]
[Result "0-1"]
[Round "02"]
[TimeControl "180+2"]
[Date "2023.01.17"]
[WhiteClock "0:00:35"]
[BlackClock "0:00:45"]

1. e4 e5 2. Nf3 Nc6 3. Bc4 Bc5 4. b4 Bb6 5. b5 Nd4 6. Nxe5 Qg5 7. Nxf7 Qxg2 8. Rf1 Nf3+ 9. Ke2 Nd4+ 10. Ke1 d5 11. Bxd5 Bg4 12. e5 Qxd5 13. Qxg4 Qxf7 14. Na3 Nh6 15. Qe4 O-O-O 16. c3 Nf3+ 17. Kd1 Rhe8 18. d4 Bxd4 0-1


[Site "https://www.chess.com"]

[Event "Titled Tuesday Blitz January 17 Early 2023"]
[White "Urbina Perez, Juan Antonio"]
[Black "Sailer, Mike"]
[WhiteFideId "2217368"]
[BlackFideId "2012901"]
[WhiteElo "2266"]
[BlackElo "2109"]
[Result "0-1"]
[Round "02"]
[TimeControl "180+2"]
[Date "2023.01.17"]
[WhiteClock "0:01:53"]
[BlackClock "0:01:18"]

1. Nf3 d5 2. d4 Nf6 3. g3 Bf5 4. Bg2 e6 5. O-O Be7 6. c3 O-O 7. Nbd2 h6 8. Re1 c5 9. dxc5 Bxc5 10. Nd4 Bh7 11. N4b3 Bxf2+ 12. Kxf2 Ng4+ 13. Kg1 Ne3 14. Nf3 Nxd1 15. Rxd1 Qb6+ 16. Kh1 Be4 17. Bf4 Nd7 18. Rd2 g5 19. Be5 Bxf3 20. Bd4 Bxg2+ 21. Kxg2 Qc7 22. h4 e5 23. Bf2 Nb6 24. hxg5 hxg5 25. Rh1 Kg7 26. Be3 f6 27. Rdd1 Rh8 28. Nc5 Rxh1 29. Rxh1 Qc6 30. b4 d4+ 0-1


[Site "https://www.chess.com"]

[Event "Titled Tuesday Blitz January 17 Early 2023"]
[White "Jaskolka, Tomasz"]
[Black "Larina, Maria"]
[WhiteFideId "1170791"]
[BlackFideId "24113182"]
[WhiteElo "2238"]
[BlackElo "1948"]
[Result "1-0"]
[Round "02"]
[TimeControl "180+2"]
[Date "2023.01.17"]
[WhiteClock "0:00:30"]
[BlackClock "0:00:17"]

1. d4 f5 2. Bg5 g6 3. h4 h6 4. Bf4 d6 5. e3 Bg7 6. c4 e5 7. dxe5 dxe5 8. Qxd8+ Kxd8 9. Bg3 Be6 10. Nc3 Nd7 11. O-O-O c6 12. Nf3 Ke7 13. Be2 e4 14. Nd4 Bf7 15. Bd6+ Ke8 16. h5 Be5 17. hxg6 Bxg6 18. Ne6 Bxd6 19. Rxd6 Ke7 20. Rhd1 Ngf6 21. Nf4 Bf7 22. b3 Ne5 23. c5 Rad8 24. Kc2 b6 25. b4 Nfd7 26. g4 bxc5 27. gxf5 cxb4 28. Nxe4 Nb6 29. f6+ 1-0


[Site "https://www.chess.com"]

[Event "Titled Tuesday Blitz January 17 Early 2023"]
[White "Gonzalez, Francisco Silva"]
[Black "Adithya A Chullikkad"]
[WhiteFideId "1512285"]
[BlackFideId "45078734"]
[WhiteElo "2021"]
[BlackElo "2259"]
[Result "1-0"]
[Round "02"]
[TimeControl "180+2"]
[Date "2023.01.17"]
[WhiteClock "0:02:22"]
[BlackClock "0:01:03"]

1. d4 Nf6 2. c4 e6 3. Nc3 Bb4 4. a3 Bxc3+ 5. bxc3 O-O 6. e3 b6 7. Bd3 Bb7 8. f3 c5 9. e4 d6 10. Ne2 e5 11. Bg5 h6 12. Be3 Nc6 13. d5 Na5 14. Ng3 Ba6 15. Qe2 Qd7 16. a4 Nh7 17. Nf5 Bc8 18. h4 Qd8 19. Ng3 Nb7 20. Ra3 Qe7 21. Qd2 Bd7 22. Kf2 Qe8 23. Bc2 Na5 24. Qe2 Qc8 25. Bd3 Qa6 26. f4 exf4 27. Bxf4 Qc8 28. Bxd6 Re8 29. e5 Bg4 30. Qe3 Qd7 31. Qf4 f6 32. e6 Bxe6 33. dxe6 Rxe6 34. Be4 Rae8 35. Bd5 Kh8 36. Bxe6 Qxe6 37. Ra2 Nxc4 38. Re2 Qg8 39. Rxe8 Qxe8 40. Qxc4 1-0


[Site "https://www.chess.com"]

[Event "Titled Tuesday Blitz January 17 Early 2023"]
[White "Flis, Pawel"]
[Black "Legenia, Artem"]
[WhiteFideId "1112864"]
[BlackFideId "14136945"]
[WhiteElo "1879"]
[BlackElo "2092"]
[Result "0-1"]
[Round "02"]
[TimeControl "180+2"]
[Date "2023.01.17"]
[WhiteClock "0:00:01"]
[BlackClock "0:00:04"]

1. e4 b6 2. d4 Bb7 3. Bd3 d6 4. Nf3 e6 5. O-O h6 6. c4 Nd7 7. Nc3 a6 8. d5 e5 9. Be3 g6 10. b4 Bg7 11. a3 Ne7 12. Rc1 f5 13. exf5 gxf5 14. Nh4 O-O 15. Qh5 Nf6 16. Qe2 Bc8 17. c5 f4 18. Bd2 dxc5 19. bxc5 Nfxd5 20. Bc4 Be6 21. cxb6 cxb6 22. Nxd5 Bxd5 23. Bb4 Bf6 24. Bxe7 Bxe7 25. Ng6 Bxc4 26. Qxc4+ Kg7 27. Rfd1 Qe8 28. Nxf8 Qxf8 29. Qe6 f3 30. Rc7 Re8 31. Qxe5+ Kg8 32. Rdd7 Bf6 33. Qg3+ Kh8 34. gxf3 Re1+ 35. Kg2 Qg8 36. Rh7+ Qxh7 37. Rxh7+ Kxh7 38. Qf4 Bg5 39. Qf7+ Kh8 40. Qf8+ Kh7 41. Qb4 Re6 42. Qc4 Rg6 43. Kh3 b5 44. Qc7+ Rg7 45. Qc6 Rg6 46. Qe4 Kg7 47. f4 Bf6 48. f5 Rg5 49. Qe6 h5 50. f4 Rg4 51. Qd7+ Kh6 52. Qf7 Bd4 53. Qf8+ Kh7 54. Qf7+ Kh6 55. Qe6+ Kg7 56. f6+ Kg6 57. f7+ Kg7 58. Qe8 Bc5 59. Qe5+ Kxf7 60. Qxc5 Rxf4 61. Qxh5+ Kf6 62. Qh6+ Ke5 63. Qg7+ Kf5 64. Qf7+ Ke4 65. Qe6+ Kf3 66. Qxa6 Ke3 0-1


[Site "https://www.chess.com"]

[Event "Titled Tuesday Blitz January 17 Early 2023"]
[White "Dudzinski, Pawel"]
[Black "Aung Thant Zin"]
[WhiteFideId "1117890"]
[BlackFideId "13000063"]
[WhiteElo "2186"]
[BlackElo "2268"]
[Result "1-0"]
[Round "02"]
[TimeControl "180+2"]
[Date "2023.01.17"]
[WhiteClock "0:01:30"]
[BlackClock "0:00:02"]

1. e4 c5 2. Nc3 a6 3. a4 Nc6 4. g3 e6 5. Bg2 Nf6 6. Nge2 Be7 7. O-O d6 8. h3 O-O 9. d4 cxd4 10. Nxd4 Bd7 11. Be3 Nxd4 12. Bxd4 Bc6 13. Qd3 Qc7 14. Rfd1 Nd7 15. a5 Rac8 16. Rd2 Ne5 17. Qe2 Be8 18. Bb6 Qc4 19. Qe3 Qc6 20. Qd4 Nc4 21. Re2 e5 22. Nd5 Bf6 23. Qc3 Nxb6 24. Qxc6 bxc6 25. Nxb6 Rb8 26. Rd2 Be7 27. c4 f6 28. h4 Kf7 29. Bh3 g6 30. Re1 c5 31. Red1 Bc6 32. Bg2 Rfd8 33. Kh2 1-0


[Site "https://www.chess.com"]

[Event "Titled Tuesday Blitz January 17 Early 2023"]
[White "Chilukuri, Sai Varshith"]
[Black "Marn, Jan"]
[WhiteFideId "25617125"]
[BlackFideId "14619245"]
[WhiteElo "1943"]
[BlackElo "2345"]
[Result "1-0"]
[Round "02"]
[TimeControl "180+2"]
[Date "2023.01.17"]
[WhiteClock "0:02:05"]
[BlackClock "0:01:10"]

1. d4 d5 2. c4 e6 3. Nf3 h6 4. Nc3 a6 5. e4 dxe4 6. Nxe4 Nf6 7. Bd3 Nxe4 8. Bxe4 c5 9. O-O Nc6 10. d5 Na5 11. Ne5 Bd6 12. Qh5 Bxe5 13. Qxe5 Qf6 14. Qc7 Nxc4 15. d6 Qd8 16. Qxc5 Nxd6 17. Rd1 Qh4 18. Qxd6 1-0


[Site "https://www.chess.com"]

[Event "Titled Tuesday Blitz January 17 Early 2023"]
[White "Liimatainen, Jero"]
[Black "Degenbaev, Aziz"]
[WhiteFideId "509531"]
[BlackFideId "13802640"]
[WhiteElo "1948"]
[BlackElo "2203"]
[Result "0-1"]
[Round "02"]
[TimeControl "180+2"]
[Date "2023.01.17"]
[WhiteClock "0:01:00"]
[BlackClock "0:01:24"]

1. e4 c5 2. Nf3 d6 3. Bb5+ Nd7 4. d4 cxd4 5. Qxd4 Nf6 6. h3 g6 7. O-O Bg7 8. c4 O-O 9. Nc3 Nb6 10. Qe3 a6 11. Ba4 Nxc4 12. Qd3 b5 13. Bb3 Na5 14. Bc2 Bb7 15. Nd4 b4 16. Nd5 0-1


[Site "https://www.chess.com"]

[Event "Titled Tuesday Blitz January 17 Early 2023"]
[White "Donskov, Anatoly"]
[Black "Necula, Iulian"]
[WhiteFideId "24143413"]
[BlackFideId "1232380"]
[WhiteElo "2279"]
[BlackElo "1851"]
[Result "1-0"]
[Round "02"]
[TimeControl "180+2"]
[Date "2023.01.17"]
[WhiteClock "0:00:39"]
[BlackClock "0:00:10"]

1. e4 c5 2. Nf3 d6 3. d4 cxd4 4. Nxd4 Nf6 5. Nc3 g6 6. Be3 Bg7 7. f3 O-O 8. Qd2 Nc6 9. O-O-O d5 10. exd5 Nxd5 11. Nxc6 bxc6 12. Bd4 e5 13. Bc5 Re8 14. Ne4 Qc7 15. h4 f5 16. Nd6 Rd8 17. Nxc8 Raxc8 18. h5 Nf4 19. Bc4+ Nd5 20. hxg6 hxg6 21. g4 f4 22. Qh2 Kf7 23. g5 Rh8 24. Qe2 Rxh1 25. Rxh1 Rh8 26. Rd1 Rd8 27. Qe4 Qd7 28. Bb3 Qf5 29. Qa4 Qd7 30. c4 Qe6 31. cxd5 cxd5 32. Qxa7+ Kg8 33. Qb6 Qxb6 34. Bxb6 Rb8 35. Bxd5+ Kf8 36. Bc5+ Ke8 37. Bc6+ Kf7 38. Rd7+ Kg8 39. Bd5+ Kh8 40. b4 e4 41. Bxe4 Re8 42. a4 Bc3 43. a5 Rb8 44. a6 Bxb4 45. Bxb4 Rxb4 46. a7 Ra4 47. a8=Q+ 1-0


[Site "https://www.chess.com"]

[Event "Titled Tuesday Blitz January 17 Early 2023"]
[White "Gurevich, Dmitry"]
[Black "Better_Chess_Faster"]
[WhiteFideId "2000407"]
[WhiteElo "2393"]
[BlackElo "2030"]
[Result "1-0"]
[Round "02"]
[TimeControl "180+2"]
[Date "2023.01.17"]
[WhiteClock "0:00:30"]
[BlackClock "0:00:19"]

1. d4 Nf6 2. c4 c5 3. Nf3 cxd4 4. Nxd4 e5 5. Nb5 d5 6. cxd5 Bc5 7. N5c3 e4 8. Nxe4 Nxe4 9. Qa4+ Bd7 10. Qxe4+ Qe7 11. Qxe7+ Kxe7 12. Nc3 Na6 13. a3 Rhd8 14. e4 f6 15. Bxa6 bxa6 16. Be3 Bxe3 17. fxe3 Rab8 18. Rb1 Rb3 19. Kd2 Rdb8 20. Kc2 Kd6 21. Rhd1 f5 22. exf5 Bxf5+ 23. e4 Bg6 24. Rd2 a5 25. a4 R3b4 26. Re2 Ke5 27. h3 Rc8 28. Kd2 Bxe4 29. Rxe4+ Rxe4 30. Nxe4 Kxe4 31. Re1+ Kxd5 32. Re7 Rc4 33. b3 Rb4 34. Kc3 Re4 35. Rxa7 Re3+ 36. Kb2 Re2+ 37. Ka3 Rxg2 38. Rxa5+ Kc6 39. Ra7 Rg3 40. Kb4 h5 41. a5 g5 42. Ra6+ Kc7 43. Rg6 h4 44. Kc4 Rxh3 45. Rxg5 Rf3 46. Rh5 h3 47. b4 Kb7 48. Kb5 Ka7 49. Rh7+ Kb8 50. a6 Rf5+ 51. Ka4 Rf3 52. b5 Rf4+ 53. Ka5 Rf3 54. Rh6 Kc8 55. Kb6 h2 56. Rxh2 Rf6+ 57. Ka5 Kb8 58. Rh8+ Ka7 59. b6+ Rxb6 60. Rh7+ Kb8 61. Kxb6 Ka8 62. Rh8# 1-0


[Site "https://www.chess.com"]

[Event "Titled Tuesday Blitz January 17 Early 2023"]
[White "Garv Gaur"]
[Black "Baruch, Liam"]
[WhiteFideId "45030839"]
[BlackFideId "14322064"]
[WhiteElo "2006"]
[BlackElo "1718"]
[Result "1-0"]
[Round "02"]
[TimeControl "180+2"]
[Date "2023.01.17"]
[WhiteClock "0:00:53"]
[BlackClock "0:00:34"]

1. Nf3 d5 2. d4 Nf6 3. c4 e6 4. g3 Be7 5. Bg2 O-O 6. O-O dxc4 7. Qc2 a6 8. a4 Bd7 9. Ne5 Bc6 10. Nxc6 Nxc6 11. e3 Na5 12. Nd2 c5 13. dxc5 Bxc5 14. Nxc4 Nxc4 15. Qxc4 Qb6 16. a5 Qc7 17. b4 Bd6 18. Qxc7 Bxc7 19. Bxb7 Rab8 20. Bxa6 Rxb4 21. Ba3 Rbb8 22. Bxf8 Kxf8 23. Bc4 Ra8 24. a6 Nd7 25. a7 Bb6 26. Rfd1 Ne5 27. Bb5 Rxa7 28. Rac1 Rc7 29. Rxc7 Bxc7 30. f4 Ng4 31. Rd7 Bb6 32. Kg2 Nxe3+ 33. Kf3 Nd5 34. Bc6 Nf6 35. Rb7 Bd8 36. g4 g6 37. g5 Ne8 38. Rd7 Bb6 39. Rb7 Bg1 40. Rb8 Bxh2 41. Rxe8+ Kg7 42. Re7 Bg1 43. Rb7 h5 44. Be8 Kf8 45. Bxf7 e5 46. fxe5 h4 47. e6 Bc5 48. Bxg6 h3 49. Kg3 h2 50. Kxh2 Be7 51. Kh3 Bxg5 52. Kg4 Bf6 53. Kf5 Bd4 54. e7+ Kg7 55. e8=Q+ Kh6 56. Rh7# 1-0


[Site "https://www.chess.com"]

[Event "Titled Tuesday Blitz January 17 Early 2023"]
[White "Vargas, Mauricio"]
[Black "Bon, Michael"]
[WhiteFideId "4404572"]
[BlackFideId "620696"]
[WhiteElo "2035"]
[BlackElo "2394"]
[Result "0-1"]
[Round "02"]
[TimeControl "180+2"]
[Date "2023.01.17"]
[WhiteClock "0:00:02"]
[BlackClock "0:00:21"]

1. e4 e6 2. f4 d5 3. e5 c5 4. Nf3 Nc6 5. Bb5 Bd7 6. Bxc6 Bxc6 7. O-O h5 8. d3 Nh6 9. g3 Be7 10. h3 Nf5 11. Kh2 d4 12. Qe1 Qd5 13. Nbd2 Ne3 14. Ne4 Nxc2 15. Qe2 Nxa1 16. b3 Nxb3 17. axb3 Qxb3 18. Nfg5 a5 19. h4 g6 20. Nd6+ Bxd6 21. exd6 Qd5 22. Ne4 Qf5 23. Ba3 b6 24. Rb1 Ra6 25. Nxc5 bxc5 26. Rb8+ Kd7 27. Rxh8 Qd5 28. Qf1 Rb6 0-1


[Site "https://www.chess.com"]

[Event "Titled Tuesday Blitz January 17 Early 2023"]
[White "Nakamura, Hikaru"]
[Black "Rustemov, Alexander"]
[WhiteFideId "2016192"]
[BlackFideId "4119002"]
[WhiteElo "2775"]
[BlackElo "2525"]
[Result "1-0"]
[Round "03"]
[TimeControl "180+2"]
[Date "2023.01.17"]
[WhiteClock "0:00:06"]
[BlackClock "0:00:02"]

1. Nf3 d5 2. g3 c6 3. Bg2 Bf5 4. d3 e6 5. Nh4 Bg6 6. Nxg6 hxg6 7. Nd2 Nd7 8. e4 Ngf6 9. Qe2 Bd6 10. O-O O-O 11. f4 dxe4 12. dxe4 e5 13. f5 Qe7 14. c3 Rad8 15. Nc4 Bc5+ 16. Kh1 Nb6 17. Na5 Nc8 18. fxg6 fxg6 19. Bg5 Nd6 20. Nc4 Kh7 21. Nd2 Qe6 22. h3 Rd7 23. Kh2 Nf7 24. Nf3 Kg8 25. Bc1 Kh7 26. b4 Bb6 27. a4 a6 28. c4 Bd4 29. Ra3 Rfd8 30. a5 c5 31. b5 Kg8 32. bxa6 bxa6 33. Rb3 Nd6 34. Nd2 Rb7 35. Rff3 Rdb8 36. Ba3 Rxb3 37. Nxb3 Qxc4 38. Qxc4+ Nxc4 39. Bxc5 Bxc5 40. Nxc5 Nxa5 41. Ra3 Nc4 42. Rc3 Nd6 43. Nxa6 Rb2 44. Kg1 Ndxe4 45. Re3 Rb1+ 46. Kh2 Rb2 47. Nc7 Nd6 48. Rxe5 Nf5 49. Ne6 Kf7 50. Ng5+ Kf8 51. Re1 Nh5 52. Ne6+ Kg8 53. Ng5 Nf6 54. Ra1 Kf8 55. Kg1 Ke7 56. Ra7+ Kd6 57. g4 Nh4 58. Ba8 Ke5 59. Ra4 Nf5 60. Nf3+ Kd6 61. gxf5 gxf5 62. Nh4 Ke5 63. Ra5+ Kf4 64. Nxf5 g6 65. Nh4 g5 66. Ng6+ Kg3 67. Ra3+ 1-0


[Site "https://www.chess.com"]

[Event "Titled Tuesday Blitz January 17 Early 2023"]
[White "Naroditsky, Daniel"]
[Black "Arjun, Kalyan"]
[WhiteFideId "2026961"]
[BlackFideId "35018701"]
[WhiteElo "2618"]
[BlackElo "2516"]
[Result "1-0"]
[Round "03"]
[TimeControl "180+2"]
[Date "2023.01.17"]
[WhiteClock "0:00:19"]
[BlackClock "0:00:03"]

1. e4 e5 2. Nf3 Nc6 3. Bb5 a6 4. Ba4 Nf6 5. O-O b5 6. Bb3 Bc5 7. d3 d6 8. a4 Rb8 9. Nc3 h6 10. Nd5 Nxd5 11. exd5 Ne7 12. axb5 axb5 13. d4 exd4 14. Nxd4 O-O 15. Be3 Bd7 16. Qh5 Bxd4 17. Bxd4 Nf5 18. Rad1 Nxd4 19. Rxd4 Qf6 20. c3 Rfe8 21. h3 Re5 22. Qd1 Rbe8 23. Bc2 g6 24. Bd3 Qe7 25. Qd2 h5 26. f4 Re1 27. Rxe1 Qxe1+ 28. Qxe1 Rxe1+ 29. Kf2 Rd1 30. Ke2 Rg1 31. Kf2 Rd1 32. Ke2 Rg1 33. Be4 Kf8 34. Kf2 Ra1 35. Rb4 Rd1 36. Ke2 Rg1 37. Kf2 Rd1 38. Bf3 Rc1 39. Be2 Ke7 40. Bxb5 Bxb5 41. Rxb5 Rc2+ 42. Kf3 Rd2 43. c4 Rc2 44. b3 Kd7 45. Rb8 Rc3+ 46. Kf2 Rc2+ 47. Kg3 Rc3+ 48. Kh4 Ke7 49. Rb7 Kd7 50. Rb8 Ke7 51. g4 hxg4 52. hxg4 Rf3 53. Kg5 Kd7 54. f5 gxf5 55. gxf5 Ke7 56. Rb7 Kd7 57. Kf6 Kc8 58. Ra7 Rxb3 59. Kxf7 Kd7 60. f6 Rc3 61. Ra1 Rxc4 62. Re1 Rg4 63. Re7+ Kd8 64. Kf8 Rg5 65. f7 Rg1 66. Re6 Kd7 67. Re7+ Kd8 68. Re4 Kd7 69. Rh4 Rg2 70. Rh7 c6 71. Rg7 Rf2 72. Kg8 1-0


[Site "https://www.chess.com"]

[Event "Titled Tuesday Blitz January 17 Early 2023"]
[White "Murzin, Volodar"]
[Black "Andreikin, Dmitry"]
[WhiteFideId "44155573"]
[BlackFideId "4158814"]
[WhiteElo "2604"]
[BlackElo "2729"]
[Result "1/2-1/2"]
[Round "03"]
[TimeControl "180+2"]
[Date "2023.01.17"]
[WhiteClock "0:00:03"]
[BlackClock "0:00:08"]

1. e4 e6 2. d3 d5 3. Qe2 Nc6 4. Nf3 Nf6 5. e5 Nd7 6. g3 a5 7. Bg2 Be7 8. O-O O-O 9. h4 b6 10. Bf4 a4 11. a3 Ba6 12. Re1 Na5 13. Nbd2 c5 14. Qe3 c4 15. d4 c3 16. bxc3 Qc7 17. Bg5 Bxg5 18. hxg5 Rfc8 19. Nb1 Nf8 20. Bf1 Ng6 21. Bd3 Bc4 22. Kg2 Qc6 23. Rh1 Qb5 24. Bxg6 fxg6 25. Nbd2 Qb2 26. Qf4 Qxc2 27. Qh4 Kf7 28. Rac1 Qf5 29. Qxh7 Nb3 30. Rce1 Bd3 31. Rh4 Rh8 32. Qxh8 Rxh8 33. Rxh8 Nxd2 34. Nxd2 Qxg5 35. Re3 Bf5 36. Rb8 Qh5 37. Nf3 Be4 38. Rb7+ Kg8 39. Rb8+ Kh7 40. Rf8 g5 41. Kg1 Kg6 42. c4 Qh3 43. cxd5 Bxd5 44. Rd8 g4 45. Nh4+ Kf7 46. Rxd5 exd5 47. e6+ Ke8 48. Nf5 Qh7 49. Nd6+ Ke7 50. Nc8+ Ke8 51. Nd6+ Ke7 52. Nc8+ Ke8 53. Nd6+ 1/2-1/2


[Site "https://www.chess.com"]

[Event "Titled Tuesday Blitz January 17 Early 2023"]
[White "Artemiev, Vladislav"]
[Black "Kilic, Eray"]
[WhiteFideId "24101605"]
[BlackFideId "44517173"]
[WhiteElo "2701"]
[BlackElo "2414"]
[Result "1-0"]
[Round "03"]
[TimeControl "180+2"]
[Date "2023.01.17"]
[WhiteClock "0:00:11"]
[BlackClock "0:00:02"]

1. e4 c5 2. Nf3 d6 3. Nc3 Nf6 4. e5 dxe5 5. Nxe5 e6 6. g3 Bd6 7. Nc4 Be7 8. Bg2 O-O 9. O-O Nc6 10. d3 Bd7 11. Re1 Qc8 12. Bf4 Nd4 13. Nd6 Bxd6 14. Bxd6 Re8 15. Be5 Nd5 16. Qg4 Nf5 17. Nxd5 exd5 18. Bxd5 Kh8 19. Bxf7 Re7 20. Qh5 Qc6 21. c4 Rf8 22. Bd5 Qc8 23. Bc3 Rxe1+ 24. Rxe1 Be8 25. Qg5 h6 26. Qg4 Qd8 27. Re5 h5 28. Qe4 Bg6 29. Re6 Bh7 30. Qe5 Qg5 31. Re8 Qc1+ 32. Kg2 Rg8 33. Bxg8 Bxg8 34. Qxf5 1-0


[Site "https://www.chess.com"]

[Event "Titled Tuesday Blitz January 17 Early 2023"]
[White "Concio, Michael Jr."]
[Black "Martinez Alcantara, Jose Eduardo"]
[WhiteFideId "5217873"]
[BlackFideId "3805662"]
[WhiteElo "2395"]
[BlackElo "2619"]
[Result "0-1"]
[Round "03"]
[TimeControl "180+2"]
[Date "2023.01.17"]
[WhiteClock "0:00:02"]
[BlackClock "0:01:19"]

1. c4 c5 2. Nf3 Nc6 3. d4 cxd4 4. Nxd4 Nf6 5. Nc3 e6 6. e4 Bb4 7. Nxc6 dxc6 8. Qxd8+ Kxd8 9. f3 e5 10. Bd2 Be6 11. O-O-O Kc8 12. a3 Be7 13. Be2 Nd7 14. Be3 a5 15. Nd5 Bd8 16. Kb1 f6 17. Nc3 Be7 18. Rd2 Rd8 19. Rhd1 Nf8 20. Na4 Rxd2 21. Rxd2 Ra6 22. c5 Ra7 23. Nb6+ Kc7 24. g4 a4 25. Bc4 Bxc4 26. Nxc4 Ne6 27. Nd6 Ra8 28. Nf5 Bf8 29. Kc2 g6 30. Nd6 Rd8 31. Nc4 Rxd2+ 32. Kxd2 Bxc5 33. Bxc5 Nxc5 34. Kc3 b5 35. Ne3 Ne6 36. Kd2 Nd4 0-1


[Site "https://www.chess.com"]

[Event "Titled Tuesday Blitz January 17 Early 2023"]
[White "Riehle, Marco"]
[Black "Sarana, Alexey"]
[WhiteFideId "12904392"]
[BlackFideId "24133795"]
[WhiteElo "2368"]
[BlackElo "2685"]
[Result "0-1"]
[Round "03"]
[TimeControl "180+2"]
[Date "2023.01.17"]
[WhiteClock "0:00:32"]
[BlackClock "0:01:08"]

1. e4 e5 2. Nf3 Nc6 3. d4 exd4 4. Bc4 Nf6 5. O-O d6 6. Nxd4 Be7 7. Nxc6 bxc6 8. Nc3 O-O 9. Be3 Ng4 10. Bf4 Bf6 11. Bb3 a5 12. Qd2 Qe7 13. Rfe1 Ne5 14. Bg3 Nd7 15. Rad1 Nc5 16. Bc4 a4 17. b4 axb3 18. cxb3 Bg4 19. f3 Be6 20. Bxe6 Qxe6 21. Ne2 Ra6 22. Nf4 Qe7 23. Bf2 Rfa8 24. Bxc5 Rxa2 25. Bxd6 cxd6 26. Qxd6 Qxd6 27. Rxd6 Be5 28. Rxc6 Bxf4 29. b4 Rb2 30. g3 Be5 31. Rec1 g6 32. Rc8+ Rxc8 33. Rxc8+ Kg7 34. Rc4 Bd6 35. f4 Bxb4 36. e5 h5 37. Kh1 Kf8 38. h3 Be1 39. g4 Bg3 40. Kg1 h4 41. Re4 Rf2 42. f5 gxf5 43. gxf5 Rxf5 44. e6 f6 45. e7+ Ke8 46. Re3 Re5 47. Rf3 Kxe7 48. Kg2 f5 49. Ra3 Kf6 50. Kf3 Rc5 51. Ra6+ Kg5 52. Ra3 Rb5 53. Rc3 Rb1 54. Kg2 Rb2+ 55. Kg1 Rd2 56. Rb3 Be5 57. Ra3 f4 58. Kh1 Kf5 59. Rb3 Ke4 60. Rb1 f3 61. Re1+ Kf4 62. Rf1 Re2 63. Rb1 Kg3 64. Rg1+ Kxh3 65. Rd1 Rh2+ 0-1


[Site "https://www.chess.com"]

[Event "Titled Tuesday Blitz January 17 Early 2023"]
[White "Deac, Bogdan-Daniel"]
[Black "Maksimovic, Bojan"]
[WhiteFideId "1226380"]
[BlackFideId "14408120"]
[WhiteElo "2700"]
[BlackElo "2486"]
[Result "1-0"]
[Round "03"]
[TimeControl "180+2"]
[Date "2023.01.17"]
[WhiteClock "0:00:04"]
[BlackClock "0:00:04"]

1. c4 Nf6 2. Nf3 g6 3. Nc3 Bg7 4. e4 d6 5. d4 O-O 6. Be2 Nbd7 7. Be3 e5 8. d5 a5 9. Nd2 Nc5 10. a3 Ne8 11. O-O f5 12. f3 Nf6 13. b4 axb4 14. axb4 Rxa1 15. Qxa1 Na6 16. Qb1 Nh5 17. c5 Nf4 18. Bxa6 bxa6 19. Nc4 Qg5 20. Qc2 Qe7 21. Qd2 g5 22. exf5 Bxf5 23. Ne4 Rd8 24. cxd6 cxd6 25. Ra1 Qb7 26. Ncxd6 Qd7 27. Nxf5 Qxf5 28. d6 g4 29. Bxf4 exf4 30. Ra5 Qg6 31. Qd5+ Kh8 32. Qf5 gxf3 33. Qxg6 hxg6 34. gxf3 Bf8 35. Rxa6 Kg7 36. b5 Kf7 37. Kf2 Ke6 38. Ke2 Kd5 39. Kd3 Rb8 40. d7 Be7 41. Rc6 Rxb5 42. Rc8 Rb3+ 43. Nc3+ Ke6 44. d8=Q Bxd8 45. Rxd8 Rb2 46. Rh8 Kf6 47. Ne4+ Kg7 48. Rh3 Rb3+ 49. Ke2 Rb2+ 50. Kf1 Ra2 51. Nf2 Ra3 52. Kg2 Ra2 53. Rh4 g5 54. Rg4 Kf6 55. h4 gxh4 56. Rxf4+ Kg5 57. Rg4+ Kh5 58. Rg8 Ra3 59. Rh8+ Kg5 60. Ne4+ Kf5 61. Rxh4 Ra1 62. Ng3+ Kg5 63. Rg4+ Kf6 64. Re4 Kg5 65. Kh3 Ra3 66. f4+ Kf6 67. Kg4 Ra8 68. Nh5+ Kf7 69. f5 Ra1 70. Ng3 Rg1 71. Re3 Kf6 72. Kf4 Ra1 73. Ne4+ Kf7 74. Ng5+ Kf6 75. Re6+ Kg7 76. Re7+ Kf8 77. Rb7 Ra5 78. Ne6+ Ke8 79. Nd4 Rd5 80. Nf3 Rd1 81. Kg5 Rf1 82. Ne5 Kd8 83. Kf6 Kc8 84. Rg7 Ra1 85. Kg6 Ra5 86. Ng4 Ra4 87. Nh6 Kd8 88. f6 Ke8 89. Rg8+ Kd7 90. f7 1-0


[Site "https://www.chess.com"]

[Event "Titled Tuesday Blitz January 17 Early 2023"]
[White "Cherniaiev, Tykhon"]
[Black "Paravyan, David"]
[WhiteFideId "14182360"]
[BlackFideId "4194985"]
[WhiteElo "2330"]
[BlackElo "2601"]
[Result "0-1"]
[Round "03"]
[TimeControl "180+2"]
[Date "2023.01.17"]
[WhiteClock "0:00:18"]
[BlackClock "0:01:01"]

1. Nf3 Nf6 2. d4 g6 3. c4 Bg7 4. Nc3 d5 5. Bg5 Ne4 6. cxd5 Nxg5 7. Nxg5 e6 8. Nf3 exd5 9. e3 O-O 10. Bd3 a5 11. a3 c6 12. O-O Re8 13. b4 axb4 14. axb4 Rxa1 15. Qxa1 Qd6 16. Qa5 Bg4 17. Be2 Nd7 18. h3 Bf5 19. Nd2 Bf8 20. b5 Qb4 21. Qxb4 Bxb4 22. Rc1 Ra8 23. bxc6 bxc6 24. Nf3 Ra3 25. Nd1 c5 26. dxc5 Nxc5 27. Nd4 Nb3 28. Nxb3 Rxb3 29. Bf3 Be6 30. g4 d4 31. Kg2 Bd2 32. Rc2 dxe3 33. Nxe3 Bxe3 34. fxe3 Rxe3 35. Kf2 Ra3 36. Rd2 Kg7 37. Rb2 Kf6 38. Rb5 h6 39. Rc5 Rd3 40. Rb5 Rc3 41. Ra5 Bd7 42. Kg2 Be6 43. Kf2 Ke7 44. Ra7+ Kd6 45. Ra5 Rb3 46. Kg2 Re3 47. Kf2 Rd3 48. Ra6+ Ke5 49. Ra5+ Kf4 50. Ra4+ Kg5 51. Ke2 Rc3 52. Kf2 Kh4 53. Bg2 Rc2+ 54. Kf1 Rb2 55. Kg1 Kg3 56. Ra3+ Bb3 57. Be4 Kf4 58. Bg2 Be6 59. Rf3+ Kg5 60. Rd3 Kh4 61. Re3 Rd2 62. Rc3 Re2 63. Rd3 Rc2 64. Re3 Bc4 65. Rf3 Rxg2+ 66. Kxg2 Bd5 67. Kf2 Bxf3 68. Kxf3 Kxh3 69. Kf4 Kh4 70. Kf3 Kg5 71. Kg3 f6 72. Kf3 h5 73. gxh5 Kxh5 74. Kg3 Kg5 75. Kf3 f5 76. Kg3 Kf6 77. Kf3 g5 78. Kg3 Ke5 79. Kf3 Kd4 80. Kg3 Ke3 81. Kg2 f4 82. Kg1 g4 83. Kg2 Ke2 84. Kg1 Kf3 85. Kf1 g3 86. Kg1 Kg4 87. Kg2 f3+ 88. Kg1 Kf4 89. Kh1 Ke3 90. Kg1 Ke2 91. Kh1 Ke1 92. Kg1 g2 93. Kh2 Kf2 94. Kh3 g1=Q 95. Kh4 Qg6 96. Kh3 Qg3# 0-1


[Site "https://www.chess.com"]

[Event "Titled Tuesday Blitz January 17 Early 2023"]
[White "Sychev, Klementy"]
[Black "Bluebaum, Matthias"]
[WhiteFideId "4114060"]
[BlackFideId "24651516"]
[WhiteElo "2547"]
[BlackElo "2669"]
[Result "0-1"]
[Round "03"]
[TimeControl "180+2"]
[Date "2023.01.17"]
[WhiteClock "0:00:02"]
[BlackClock "0:01:07"]

1. e4 e6 2. d4 d5 3. exd5 exd5 4. Nf3 Nc6 5. Bb5 a6 6. Ba4 b5 7. Bb3 Be6 8. a4 Na5 9. axb5 Nxb3 10. cxb3 axb5 11. Rxa8 Qxa8 12. O-O h6 13. Bf4 c6 14. Re1 Bb4 15. Bd2 Bd6 16. Ne5 Nf6 17. Nc3 O-O 18. Qf3 b4 19. Na4 Ne4 20. Bc1 c5 21. Be3 c4 22. Nb6 Qb7 23. bxc4 Qxb6 24. c5 Nxc5 25. dxc5 Bxc5 26. h4 Bxe3 27. Rxe3 Rc8 28. Qh5 Qd4 29. Kh2 Qf4+ 30. Rg3 Qxf2 31. Nd3 Qf6 32. Nxb4 Rc4 33. Nxd5 Rxh4+ 34. Kg1 Qd4+ 0-1


[Site "https://www.chess.com"]

[Event "Titled Tuesday Blitz January 17 Early 2023"]
[White "Dimitrov, Atanas"]
[Black "Eljanov, Pavel"]
[WhiteFideId "2901315"]
[BlackFideId "14102951"]
[WhiteElo "2269"]
[BlackElo "2705"]
[Result "0-1"]
[Round "03"]
[TimeControl "180+2"]
[Date "2023.01.17"]
[WhiteClock "0:00:02"]
[BlackClock "0:00:32"]

1. Nf3 d5 2. e3 c5 3. b3 Nf6 4. Bb2 Nc6 5. d4 cxd4 6. Nxd4 e6 7. Nd2 Bd6 8. Be2 e5 9. Nxc6 bxc6 10. c4 O-O 11. O-O Qe7 12. Nf3 a5 13. Rc1 Re8 14. cxd5 cxd5 15. Bb5 Bd7 16. Bxd7 Qxd7 17. h3 a4 18. Qc2 axb3 19. axb3 Rab8 20. Ba1 h6 21. Rfd1 Qe6 22. Rb1 Rb5 23. Nd2 d4 24. Qd3 Reb8 25. exd4 e4 26. Qe2 Rg5 27. Kf1 Re8 28. Nc4 Nd5 29. f3 e3 30. Re1 Bg3 31. Red1 Bf2 32. Ne5 Rxg2 33. Kxg2 Nf4+ 34. Kf1 Qxh3# 0-1


[Site "https://www.chess.com"]